 Dungeon Crawl Stone Soup version 0.26.1-2-gb8aa6d0 (webtiles) character file.

Game seed: 11207749112787678328

2 Geeful the Sneak (level 1, -3/16 HPs)
             Began as an Octopode Delver on Apr 7, 2021.
             Slain by a centaur skeleton (7 damage)
             ... on level 5 of the Dungeon.
             The game lasted 00:02:38 (519 turns).

Geeful the Sneak (Octopode Delver)                   Turns: 519, Time: 00:02:39

Health: -3/16      AC:  1    Str: 11    XL:     1   Next: 40%
Magic:  1/1        EV: 13    Int: 12    God:
Gold:   18         SH:  0    Dex: 13    Spells: 0/0 levels left

rFire    . . .     SeeInvis .   a - +0 short sword
rCold    . . .     Faith    .   (no shield)
rNeg     . . .     Spirit   .   (helmet restricted)
rPois    .         Reflect  .   (no amulet)
rElec    .         Harm     .   (no ring)
rCorr    .         Rampage  .   (no ring)
Will     .....                  (no ring)
Stlth    ++++......             (no ring)
HPRegen  0.05/turn              (no ring)
MPRegen  0.07/turn              (no ring)
                                (no ring)
                                (no ring)

@: no status effects
A: almost no armour, stealthy swim, amphibious, 8 rings, constrict 8, camouflage
1, gelatinous body 1
a: no special abilities


You were on level 5 of the Dungeon.
You visited 1 branch of the dungeon, and saw 3 of its levels.

You collected 18 gold pieces.

Inventory:

Hand Weapons
 a - a +0 short sword (weapon)
Missiles
 g - 13 poisoned darts (quivered)
Wands
 f - a wand of digging (3)
Scrolls
 b - a scroll of fog
 c - a scroll of magic mapping
 d - a scroll of fear
 e - a scroll of identify {unknown}
Potions
 h - a potion of curing {unknown}


   Skills:
 + Level 3.0 Fighting
 - Level 2.0 Short Blades
 + Level 2.0 Dodging
 + Level 6.6 Stealth
 + Level 0.1 Spellcasting


You couldn't memorise any spells.
You didn't know any spells.
Your spell library was empty.

Dungeon Overview and Level Annotations

Branches:
Dungeon (6/15)
 Temple: D:4-7

Altars:


Innate Abilities, Weirdness & Mutations

You cannot wear most types of armour.
You are very stealthy in the water. (Stealth+)
You are amphibious.
You can wear up to eight rings at the same time.
You can use your tentacles to constrict eight enemies at once.
Your skin changes colour to match your surroundings (Stealth+).
Your rubbery body absorbs attacks. (AC +1, EV +1)


Message History

g - 13 poisoned darts
Found a stone staircase leading down.
You see here a scroll labelled REDUST TAANO.
There is a stone staircase leading down here.
You climb downwards.
There is a stone staircase leading up here.
You start resting.
A centaur skeleton comes into view.
An adder comes into view.
Found 17 arrows.
Found a smoky silvery potion.
The centaur skeleton completely misses you.
Found 18 gold pieces.
The centaur skeleton hits you.
You see here a smoky silvery potion.
h - a smoky silvery potion The centaur skeleton hits you.
* * * LOW HITPOINT WARNING * * *
The centaur skeleton hits you!
You die...

#... ...
#.. .. #.#
..# ##$#
#@.# ##Z##
##..#
#..##
##..#
#..## ##.
##..###...
#..##.....
##.......#


You could see a centaur skeleton.

Vanquished Creatures
  A leopard gecko (D:4)
  A jackal skeleton (D:4)
2 creatures vanquished.

Vanquished Creatures (others)
  16 plants (D:4)
16 creatures vanquished.

Grand Total: 18 creatures vanquished

Notes
Turn   | Place    | Note
-------+----------+-------------------------------------------
     0 | D:5      | Geeful the Octopode Delver began the quest for the Orb.
     0 | D:5      | Reached XP level 1. HP: 16/16 MP: 1/1
     1 | D:6      | Noticed a worker ant
     1 | D:6      | Noticed an orc warrior
     1 | D:6      | Noticed an orc wizard
    14 | D:5      | Noticed an ogre
   295 | D:4      | Noticed a worker ant
   302 | D:4      | Noticed a worker ant
   313 | D:4      | Noticed a phantom
   325 | D:4      | Noticed a worker ant
   519 | D:5      | Slain by a centaur skeleton

Illustrated notes

Levels and vault maps discovered:
D:4:      layout_rooms, zin_purify, serial_bayou, serial_bayou_pond_d,
          serial_bayou_pond_d, serial_bayou_pond_a, serial_bayou_lake_a
D:5:      minmay_angry_zag, layout_cave_pods
D:6:      layout_loops_ring, marbit_many_paths,
          chequers_temple_overflow_statue_of_worship,
          minmay_temple_entry_purple_smoke, chequers_serial_rivers_micro_d,
          minmay_between

Action                   || total
-------------------------++-------
Melee: Short sword       ||    11
       Tentacles         ||     2
       Constrict         ||     1
  Use: Potion            ||     1
Armor: Skin              ||     1
Dodge: Dodged            ||    13
